 Dungeon Crawl Stone Soup version 0.30.0-11-gf55b779eaf (webtiles) character file.

Game seed: 10215223670113230179

1382 Cheops the Carver (level 8, -8/64 HPs)
             Began as a Minotaur Fighter on May 16, 2023.
             Killed from afar by Dowan (19 damage)
             ... with a stone arrow
             ... on level 5 of the Dungeon.
             The game lasted 00:06:54 (5105 turns).

Cheops the Carver (Minotaur Fighter)                Turns: 5105, Time: 00:06:54

Health: -8/64      AC:  8    Str: 23    XL:     8   Next: 40%
Magic:  7/7        EV: 24    Int:  5    God:
Gold:   185        SH:  5    Dex: 10    Spells: 7/7 levels left

rFire   . . .        a - +2 scimitar (holy)
rCold   . . .        c - +1 buckler
rNeg    . . .        g - +0 scale mail
rPois   .            (helmet restricted)
rElec   .            (no cloak)
rCorr   .            o - +0 pair of gloves
SInv    .            (no boots)
Will    .....        j - amulet of the acrobat
Stlth   x              - ring of wizardry
HPRegen 0.30/turn    (no ring)
MPRegen 0.10/turn

%: acrobat, wizardry (x1)
@: acrobatic
A: horns 2, retaliatory headbutt
a: no special abilities


You were on level 5 of the Dungeon.
You visited 1 branch of the dungeon, and saw 5 of its levels.
You also visited: Sewer.

You collected 185 gold pieces.

Inventory:

Hand Weapons
 a - a +2 scimitar of holy wrath (weapon)
 b - a +2 dagger of venom
 y - a +0 long sword
Armour
 c - a +1 buckler (worn)
 g - a +0 scale mail (worn)
 o - a +0 pair of gloves (worn)
Jewellery
 j - an amulet of the acrobat (around neck)
 x - a ring of wizardry (left hand)
Scrolls
 f - 3 scrolls of magic mapping {unknown}
 h - a scroll of noise {unknown}
 i - a scroll of amnesia {unknown}
 m - a scroll of silence
 n - a scroll of immolation
 r - 2 scrolls of vulnerability {unknown}
 u - a scroll of enchant weapon {unknown}
 v - 3 scrolls of fog {unknown}
 w - a scroll of blinking
 B - a scroll of identify
Potions
 d - a potion of might
 e - 2 potions of degeneration {unknown}
 k - 2 potions of resistance {unknown}
 l - 2 potions of berserk rage {unknown}
 p - a potion of experience {unknown}
 q - 2 potions of heal wounds {unknown}
 s - a potion of magic {unknown}
 t - 2 potions of haste {unknown}
 z - a potion of attraction {unknown}
 A - a potion of cancellation {unknown}
 C - a potion of lignification {unknown}


   Skills:
 - Level 3.6 Fighting
 + Level 12.4 Long Blades
 - Level 3.6 Armour
 - Level 4.0 Shields


You had 7 spell levels left.
You didn't know any spells.
Your spell library contained the following spells:

 Spells                   Type           Power      Damage    Failure   Level
 Animate Dead             Necr           0%         N/A       99%         4
 Haunt                    Necr/Summ      0%         N/A       100%        7
 Infestation              Necr           0%         N/A       100%        8


Dungeon Overview and Level Annotations

Branches:
Dungeon (5/15)              Sewer (visited)
 Temple: D:4-7

Altars:
Nemelex Xobeh
Qazlal
Vehumet

Shops:
D:4 =

Annotations:
D:5 1 transporter, Dowan


Innate Abilities, Weirdness & Mutations

You have a pair of horns on your head.
You reflexively headbutt those who attack you in melee.


Message History

Something hits you but does no damage.
You miss something. Your headbutt misses something.
You block something's attack.
You closely miss something. Something hits you but does no damage.
You barely miss something.
You hear some strange, mumbled words.
A stone arrow appears from out of thin air!
The stone arrow hits you!
* * * LOW HITPOINT WARNING * * *
You closely miss something.
You hear some strange, mumbled words.
Dowan appears from thin air!
Reactivating autopickup.
Dowan misses you. You furiously retaliate!
You headbutt Dowan. Dowan attacks as you move away!
Dowan completely misses you. Dowan closely misses you.
You hit Dowan.
Dowan is heavily wounded.
Dowan mumbles some strange words.
Dowan blinks!
Dowan mumbles some strange words.
Dowan blinks!
You aren't carrying any items that you can evoke.
Unknown command.
You hit Dowan.
Dowan is heavily wounded.
Dowan hits you but does no damage. You block Dowan's attack.
You barely miss Dowan.
Dowan is heavily wounded.
Dowan hits you but does no damage.
You hit Dowan. Your headbutt misses Dowan.
Dowan is severely wounded.
You block Dowan's attack.
You hit Dowan.
Dowan is almost dead.
Dowan casts a spell.
Dowan blinks!
Dowan casts a spell at you. The stone arrow hits you!!
You die...

.## ... .. ... ..
.## ..© ... ..# ###
##. #..## ..$
#.######....# ..#
#..........# #.
#........# #
#....e.@##
#......## #......#
####......####..
.........##...#
.......)....#
.................##
......##........##
......#####......#


You could see Dowan (fast).

Vanquished Creatures
  Grinder (D:3)
  Duvessa (D:5)
  An ogre (D:4)
  2 kobold brigands (Sewer)
  3 scorpions
  2 orc priests
  3 hounds
  A sleepcap (D:4)
  4 iguanas
  Natasha (D:3)
  3 orc wizards
  Robin (D:3)
  8 adders
  7 river rats (Sewer)
  A worm (D:2)
  2 dart slugs
  13 orcs
  6 endoplasms
  8 giant cockroaches
  14 goblins
  18 hobgoblins
  2 jackals (D:3)
  19 kobolds
  3 quokkas
  10 ball pythons
  9 bats
  5 frilled lizards
  25 rats
173 creatures vanquished.

Notes
Turn   | Place    | Note
-------+----------+-------------------------------------------
     0 | D:1      | Cheops the Minotaur Fighter began the quest for the Orb.
     0 | D:1      | Reached XP level 1. HP: 19/19 MP: 0/0
   144 | D:1      | Reached skill level 3 in Long Blades
   144 | D:1      | Reached XP level 2. HP: 26/26 MP: 1/1
   512 | D:1      | Reached skill level 4 in Long Blades
   512 | D:1      | Reached XP level 3. HP: 31/31 MP: 2/2
   885 | D:2      | Found a faded altar of an unknown god.
  1075 | D:2      | Found a radiant altar of Vehumet.
  1795 | D:3      | Noticed Robin
  1811 | D:3      | Reached skill level 5 in Long Blades
  1815 | D:3      | Reached XP level 4. HP: 29/39 MP: 3/3
  1817 | D:3      | Killed Robin
  1843 | D:3      | Found a glowing drain.
  1874 | Sewer    | Entered a sewer
  2028 | Sewer    | Reached skill level 6 in Long Blades
  2031 | Sewer    | Reached XP level 5. HP: 17/45 MP: 4/4
  2258 | Sewer    | Reached skill level 7 in Long Blades
  2272 | Sewer    | Reached XP level 6. HP: 17/51 MP: 5/5
  2435 | Sewer    | Reached skill level 8 in Long Blades
  2973 | D:3      | Noticed Grinder
  2977 | D:3      | Paralysed by Grinder for 2 turns
  2983 | D:3      | Paralysed by Grinder for 3 turns
  2988 | D:3      | Killed Grinder
  2989 | D:3      | Reached skill level 9 in Long Blades
  2989 | D:3      | Reached XP level 7. HP: 33/57 MP: 6/6
  3236 | D:3      | Noticed Natasha
  3245 | D:3      | Killed Natasha
  3444 | D:3      | HP: 1/57 [orc priest/divine providence (15)]
  4063 | D:3      | Identified a scroll of acquirement
  4064 | D:3      | Acquired a +2 scimitar of holy wrath
  4111 | D:4      | Reached skill level 10 in Long Blades
  4388 | D:4      | Found Yklefat's Jewellery Boutique.
  4403 | D:4      | Reached skill level 11 in Long Blades
  4602 | D:4      | Reached XP level 8. HP: 62/64 MP: 7/7
  4844 | D:5      | Entered Level 5 of the Dungeon
  4876 | D:5      | Found a sparkling altar of Nemelex Xobeh.
  4926 | D:5      | Found a transporter.
  4948 | D:5      | Found a stormy altar of Qazlal.
  5062 | D:5      | Noticed Duvessa
  5062 | D:5      | Noticed Dowan
  5076 | D:5      | Reached skill level 12 in Long Blades
  5077 | D:5      | Killed Duvessa
  5105 | D:5      | Killed from afar by Dowan

Illustrated notes

Levels and vault maps discovered:
D:1:      wheals_arrival_linesprint, layout_loops_ring, kennysheep_small_spiral,
          minmay_misc_feat_four_crosses
D:2:      layout_basic, shapermc_ecumenical_altar_acropolis, basic_altar,
          minmay_misc_feat_columns
D:3:      layout_loops_corners, portal_sewer_entry_f, corexii_hall_statues_l,
          uniq_robin, uniq_natasha, uniq_grinder
D:4:      layout_basic, serial_shops, nicolae_shop_stone,
          minmay_stone_trees_medium, kennysheep_generic_room_14
D:5:      layout_layer_cave, nicolae_qazlal_general_emergency,
          mainiacjoe_overflow_24_doors, gammafunk_ghost_smash, serial_bayou,
          serial_bayou_shore_a, serial_bayou_pond_b, serial_bayou_pond_c,
          serial_bayou_pond_d, minmay_gold_behind_fungi,
          uniq_crazy_yiuf_cottage, uniq_duvessa

Skill      XL: |  1  2  3  4  5  6  7  8 |
---------------+-------------------------+-----
Shields        | 4 |  4.0
Long Blades    | 3 4 5 6 7 9 11 12 | 12.4
Fighting       | |  3.6
Armour         | |  3.6

Action                     |  1- 3 |  4- 6 |  7- 9 || total
---------------------------+-------+-------+-------++-------
  Melee: Long sword        |    98 |   159 |    53 ||   310
         Headbutt          |    15 |    22 |    26 ||    63
         Scimitar          |       |       |   109 ||   109
    Use: Scroll            |     4 |       |     3 ||     7
 Armour: Scale mail        |    35 |    91 |    59 ||   185
  Dodge: Dodged            |    57 |    94 |    66 ||   217
  Block: Buckler           |    19 |    64 |    28 ||   111
